 Dungeon Crawl Stone Soup version 0.26-a0-610-g3e9335bbc7 (webtiles) character file.

Game seed: 17930628203833645398

12516 Brozuf the Summoner (level 11, -5/84 (85) HPs)
             Began as a Deep Elf Summoner on Sept 3, 2020.
             Was a Priest of Hepliaklqana.
             Slain by a meliai
             ... wielding a +0 hand axe
              (7 damage)
             ... on level 4 of the Lair of Beasts.
             The game lasted 01:20:58 (21696 turns).

Brozuf the Summoner (Deep Elf Summoner)            Turns: 21696, Time: 01:20:59

HP:   -5/84 (85)    AC: 29    Str:  7    XL:     11   Next: 63%
MP:   14/25         EV:  2    Int: 22    God:    Hepliaklqana [***...]
Gold: 700           SH:  5    Dex: 15    Spells: 15/26 levels left

rFire    + . .     SeeInvis .   a - +5 trident of the Slashing Seer {vorpal, rElec rF+}
rCold    . . .     Faith    .   r - +0 buckler
rNeg     + + +     Spirit   .   (armour currently unavailable)
rPois    +         Reflect  .   (helmet currently unavailable)
rElec    +         Harm     .   (cloak currently unavailable)
rCorr    .         NoTele   +   (gloves currently unavailable)
MR       +....                  (boots currently unavailable)
Stlth    ++........             (no amulet)
HPRegen  0.24/turn              G - +4 ring of evasion
MPRegen  0.19/turn              j - +4 ring of protection

@: tree-form
A: reduced essence
a: Recall Ancestor, Ancestor Identity, Transference, Renounce Religion


You were on level 4 of the Lair of Beasts.
You worshipped Hepliaklqana.
Hepliaklqana was most pleased with you.
You were a tree.
You visited 3 branches of the dungeon, and saw 15 of its levels.
You also visited: Sewer.

You collected 772 gold pieces.
You spent 72 gold pieces at shops.

Inventory:

Hand Weapons
 a - the +5 trident of the Slashing Seer (weapon) {vorpal, rElec rF+}
   (You found it on level 6 of the Dungeon)

   It inflicts extra damage upon your enemies.
   It protects you from fire.
   It insulates you from electricity.
 b - a +0 dagger of venom
   (You took it off an orc on level 3 of the Dungeon)
 Q - the +7 long sword "Grim" {vorpal, Int+4, unknown}
   (You found it on level 2 of the Lair of Beasts)

   It inflicts extra damage upon your enemies.
   It affects your intelligence (+4).
Missiles
 m - 32 poisoned darts (quivered)
Armour
 f - a +1 scale mail of poison resistance
   (You found it on level 1 of the Dungeon)
 g - a +2 cloak (melded)
   (You found it on level 2 of the Dungeon)
 l - a +2 robe of magic resistance
   (You took it off Psyche on level 9 of the Dungeon)
 o - a +0 kite shield
   (You found it on level 4 of the Dungeon)
 q - a +1 ring mail of cold resistance
   (You found it on level 7 of the Dungeon)
 r - a +0 buckler (worn)
   (You found it on level 3 of the Dungeon)
 F - a +1 robe of the Archmagi (melded)
   (You found it on level 8 of the Dungeon)
 S - a +1 pair of gloves (melded)
   (You found it on level 3 of the Lair of Beasts)
Magical Staves
 w - an uncursed staff of air
   (You found it on level 6 of the Dungeon)
Jewellery
 d - an uncursed ring of positive energy
   (You found it on level 4 of the Dungeon)
 h - an uncursed ring of fire
   (You found it on level 2 of the Dungeon)
 j - a +4 ring of protection (right branch)
   (You found it on level 2 of the Dungeon)
 D - an uncursed ring of positive energy
   (You found it on level 7 of the Dungeon)
 G - a +4 ring of evasion (left branch)
   (You found it on level 10 of the Dungeon)
 R - an uncursed amulet of faith {unknown}
   (You found it on level 3 of the Lair of Beasts)
Wands
 t - a wand of flame (21)
   (You found it on level 10 of the Dungeon)
 v - a wand of digging (5)
   (You found it on level 9 of the Dungeon)
 x - a wand of acid (16)
   (You found it on level 4 of the Dungeon)
 E - a wand of polymorph (14)
   (You found it on level 10 of the Dungeon)
Scrolls
 i - 3 scrolls of remove curse {@r2}
 s - 6 scrolls of enchant armour
 u - 2 scrolls of magic mapping {unknown}
 y - a scroll of amnesia {unknown}
 B - 3 scrolls of teleportation {@r4}
 C - a scroll of noise {unknown}
 H - a scroll of random uselessness {unknown}
 I - 2 scrolls of fear {unknown}
 J - 2 scrolls of fog
Potions
 c - 5 potions of curing {@q1}
 k - a potion of lignification {!q}
 n - a potion of invisibility
 p - a potion of flight
 z - 3 potions of ambrosia
 A - 2 potions of might
 K - a potion of magic
 L - 2 potions of haste {@q3}
 N - a potion of resistance
 O - a potion of brilliance {unknown}
 P - a potion of berserk rage {unknown}


   Skills:
 + Level 6.1 Fighting
 + Level 0.1 Polearms
 + Level 11.1 Dodging
 - Level 2.4 Stealth
 - Level 4.0 Shields
 - Level 8.0 Spellcasting
 - Level 12.0 Summonings
 - Level 6.0 Ice Magic
 - Level 4.0 Air Magic


You had 15 spell levels left.
You knew the following spells:

 Your Spells              Type           Power        Failure   Level
a - Summon Small Mammal   Summ           ####         1%          1
d - Summon Ice Beast      Ice/Summ       #####...     1%          4
x - Call Imp              Summ           ######..     1%          2
z - Summon Lightning Spi  Summ/Air       #####...     2%          4

Your spell library contained the following spells:

 Spells                   Type           Power        Failure   Level
 Freeze                   Ice            ####         1%          1
 Call Canine Familiar     Summ           ######..     1%          3
 Frozen Ramparts          Ice            #####.       1%          3
 Ozocubu's Armour         Ice            #####...     1%          3
 Summon Guardian Golem    Hex/Summ       #####...     1%          3
 Beastly Appendage        Tmut           #.....       8%          1
 Corona                   Hex            #......      8%          1
 Slow                     Hex            #.......     11%         2
 Wereblood                Tmut           #.......     11%         2
 Inner Flame              Hex/Fire       #.......     22%         3
 Portal Projectile        Hex/Tloc       #.....       22%         3
 Spider Form              Tmut/Pois      #.........   22%         3
 Hailstorm                Conj/Ice       ###.....     22%         4
 Ice Form                 Ice/Tmut       ###.....     22%         4
 Cause Fear               Hex            #.........   58%         4
 Leda's Liquefaction      Hex/Erth       #.........   58%         4
 Blade Hands              Tmut           #.........   90%         5


Dungeon Overview and Level Annotations

Branches:
Dungeon (10/15)            Temple (1/1) D:6            Lair (4/6) D:8
  Swamp (0/4) Lair:4          Orc (0/2) D:9           Sewer (visited)
  Snake: Lair:2-4    Spider: Lair:2-4

Altars:
Ashenzari
Cheibriados
Dithmenos
Elyvilon
Fedhas
Gozag
Hepliaklqana
Kikubaaqudgha
Makhleb
Nemelex Xobeh
Okawaru
Qazlal
Ru
Sif Muna
Trog
Uskayaw
Vehumet
Wu Jian
Xom
Yredelemnul
Zin
The Shining One

Shops:
D:8 =*

Annotations:
D:8 3 exclusions, Maggie, Maurice
D:10 Fannar
Lair:3 exclusion: 4 oklob plants


Message History

* * * LOW HITPOINT WARNING * * *
The meliai closely misses Lizard Wizard.
The meliai stings Lizard Wizard.
Something stings your ice beast.
Lizard Wizard has departed this plane of existence.
Something completely misses your ice beast.
Something stings your ice beast!
Something closely misses your ice beast.
Something hits your ice beast!
Something stings your ice beast but does no damage.
Something stings your ice beast!
Your ice beast dies!
The meliai hits your lightning spire but does no damage.
The meliai stings your lightning spire but does no damage.
Unknown command.
Unknown command.
Something barely misses your ice beast. Something stings your ice beast!
A meliai opens the door.
Your ice beast hits the meliai.
Your ice beast freezes the meliai!
Unknown command.
The meliai calls upon its god to heal the meliai.
The meliai is healed somewhat.
The meliai invokes the aid of its god against you.
Something smites you!
* * * LOW HITPOINT WARNING * * *
Your ice beast hits the killer bee.
Your ice beast freezes the killer bee!
The killer bee dies!
The killer bee completely misses you.
Unknown command.
Unknown command.
Unknown command.
Unknown command.
As you read the scroll of teleportation {@r4}, it crumbles to dust.
You feel strangely unstable.
The meliai calls down the wrath of its god upon you.
Something smites you!
* * * LOW HITPOINT WARNING * * *
The killer bee closely misses you.
Your ice beast hits the killer bee.
Your ice beast freezes the killer bee!
Something stings your ice beast but does no damage.
The killer bee closely misses you.
Really quaff
k - 2 potions of lignification {!q}?
Really quaff the potion of lignification?
You turn into a tree.
Your +2 cloak melds into your body.
Your +1 pair of gloves melds into your body.
Your +1 robe of the Archmagi melds into your body.
You feel strangely numb.
Your roots penetrate the ground.
You feel strangely stable. Something barely misses your ice beast.
The killer bee stings you but does no damage.
The meliai hits you with a +0 hand axe!
You die...

..≈§§♣§ #...## ..≈♣§§§. ##
##.Y### ## #..≈§n..
#.####.'#..#^.# #.....#
#............# #P..#.#
#...y.......# #.P..#+###
#...........#
#.....<..###.y.......>.#
##........##..yyy††......#
#...†.....+...♣†.†......+..
#...........+...........#P.
...+........[##...........#
##.P........P##...........#
###.P##.#+..###..P....#...
######..####.##...######
##..#+.## ##.......#
.........# #.P...#.#
.........####.......##


You could see 2 meliai, 3 killer bees and a friendly ice beast (summoned).

Vanquished Creatures
  A black mamba (Lair:2)
  A bog body (Lair:4)
  A hippogriff (Lair:2)
  Sigmund (D:2)
  2 yaks
  A water moccasin (Lair:2)
  2 porcupines
  2 orc warriors
  An ice beast (D:8)
  2 phantoms
  A sky beast (D:9)
  A centaur (D:10)
  A necrophage (D:9)
  A wolf (D:10)
  A crocodile (Lair:3)
  A big kobold (D:10)
  4 bullfrogs
  A wyvern zombie (D:7)
  4 scorpions
  A troll zombie (D:9)
  7 wights
  2 bullfrog zombies
  2 hounds
  An iguana (D:6)
  8 worker ants
  An ogre zombie (D:9)
  A hound zombie (D:6)
  A worker ant zombie (D:9)
  2 adders
  A howler monkey skeleton (D:4)
  2 white imps (D:6)
  3 ufetubi
  An adder skeleton (D:6)
  A dart slug (D:2)
  A leopard gecko (D:7)
  5 orcs
  5 bats
  3 giant cockroaches
  4 goblins
  A hobgoblin (D:2)
  A jackal (D:8)
  3 quokkas
  2 ball pythons (Sewer)
  A frilled lizard (Sewer)
  A goblin zombie (D:9)
  2 hobgoblin zombies (D:9)
  8 kobolds
  3 orc zombies (D:9)
  2 rats
105 creatures vanquished.

Vanquished Creatures (collateral kills)
  4 hydras
  A centaur warrior (D:9)
  Erica (D:8)
  A centaur zombie (D:10)
  Psyche (D:9)
  4 cane toads
  A rime drake (Lair:3)
  A komodo dragon (Lair:2)
  2 polar bears (Lair:3)
  2 hippogriffs (Lair:4)
  13 yaks
  A steam dragon (D:6)
  Grum (D:10)
  3 basilisks
  Duvessa (D:5)
  A two-headed ogre zombie (D:9)
  5 water moccasins
  2 porcupines
  3 sky beasts
  2 ice beasts
  An orc warrior (D:9)
  2 phantoms (D:9)
  A necrophage (D:9)
  2 black bears
  2 ogres
  2 centaurs (D:7)
  A wolf (D:10)
  8 crocodiles
  A big kobold (D:8)
  9 bullfrogs
  Dowan (D:5)
  A gnoll sergeant (D:10)
  3 scorpions
  13 killer bees
  3 troll zombies (D:9)
  11 wights
  A howler monkey (D:4)
  2 electric eels (D:9)
  2 bullfrog skeletons
  3 hounds
  7 orc priests
  7 orc wizards
  2 centaur skeletons
  An iguana (D:9)
  5 worker ants
  2 ogre zombies (D:9)
  2 hound skeletons
  A worker ant zombie (D:6)
  5 gnolls
  8 adders
  A shadow imp (D:9)
  A white imp (D:4)
  A nameless horror (Lair:2)
  2 ufetubi
  An ooze (D:2)
  2 dart slugs
  4 leopard geckos
  25 orcs
  2 ball pythons
  7 giant cockroaches
  5 goblins
  5 hobgoblins
  7 jackals
  A quokka (D:4)
  8 frilled lizards
  4 goblin zombies (D:9)
  3 hobgoblin skeletons (D:9)
  A hobgoblin zombie (D:9)
  11 kobolds
  10 orc zombies (D:9)
260 creatures vanquished.

Vanquished Creatures (others)
  6 hexers
  7 ancestors
  9 fungi
  12 plants
34 creatures vanquished.

Grand Total: 399 creatures vanquished

Notes
Turn   | Place    | Note
-------+----------+-------------------------------------------
     0 | D:1      | Brozuf the Deep Elf Summoner began the quest for the Orb.
     0 | D:1      | Reached XP level 1. HP: 10/10 MP: 6/6
    77 | D:1      | Reached XP level 2. HP: 15/15 MP: 2/8
   455 | D:1      | Learned a level 2 spell: Call Imp
   938 | D:1      | You fall into a shaft and drop 1 floor!
  1002 | D:2      | Noticed Sigmund
  1258 | D:2      | Reached skill level 5 in Summonings
  1403 | D:2      | Reached XP level 3. HP: 19/19 MP: 7/10
  1779 | D:2      | Found a sparkling altar of Nemelex Xobeh.
  2197 | D:3      | Reached XP level 4. HP: 7/24 MP: 2/11
  2692 | D:3      | Learned a level 4 spell: Summon Ice Beast
  3529 | D:4      | Noticed an ice beast
  3581 | D:4      | Reached XP level 5. HP: 28/28 MP: 9/13
  3600 | D:4      | Found a glowing drain.
  3605 | Sewer    | Entered a sewer
  3864 | Sewer    | Reached skill level 1 in Ice Magic
  3968 | Sewer    | Reached skill level 6 in Summonings
  4650 | D:4      | Reached XP level 6. HP: 31/32 MP: 10/15
  4995 | D:5      | Entered Level 5 of the Dungeon
  5064 | D:5      | Reached skill level 5 in Spellcasting
  5394 | D:5      | Noticed a sky beast
  5461 | D:4      | Killed an ice beast
  5775 | D:4      | Reached XP level 7. HP: 26/37 MP: 12/16
  6050 | D:4      | Reached skill level 1 in Fighting
  6050 | D:4      | Reached skill level 7 in Summonings
  6562 | D:5      | Noticed Dowan
  6656 | D:5      | Reached skill level 5 in Dodging
  7191 | D:5      | Noticed Duvessa
  7635 | D:6      | Got a crystal trident
  7640 | D:6      | Identified the +5 trident of the Slashing Seer {vorpal,
                  | rElec rF+} (You found it on level 6 of the Dungeon)
  7760 | D:6      | Noticed a steam dragon
  7803 | D:6      | Killed a steam dragon
  7978 | D:6      | Found a stormy altar of Qazlal.
  8130 | D:6      | Reached skill level 8 in Summonings
  8130 | D:6      | Reached XP level 8. HP: 42/44 MP: 13/17
  8242 | D:6      | Found a staircase to the Ecumenical Temple.
  8298 | Temple   | Entered the Ecumenical Temple
 10253 | D:7      | Reached skill level 9 in Summonings
 10456 | D:6      | Reached skill level 5 in Ice Magic
 10677 | D:7      | Got a polished flail
 10737 | D:7      | Found a glowing golden altar of the Shining One.
 10942 | D:7      | Found a shattered altar of Ashenzari.
 11149 | D:7      | Found a hazy altar of Hepliaklqana.
 11263 | D:7      | Became a worshipper of Hepliaklqana the Forgotten
 11481 | D:8      | Noticed Erica
 11571 | D:5      | Reached skill level 10 in Summonings
 11747 | D:2      | Killed Sigmund
 11747 | D:2      | Reached XP level 9. HP: 33/43 MP: 9/18
 12058 | D:5      | Learned a level 4 spell: Summon Lightning Spire
 12146 | D:5      | Killed Duvessa
 12158 | D:5      | Killed Dowan
 12468 | D:7      | Identified the +8 flail of Lojayq {protect, rElec rN++}
                  | (You found it on level 7 of the Dungeon)
 12580 | D:8      | Found Roweogum's Jewellery Shoppe.
 12716 | D:8      | Reached skill level 1 in Shields
 12874 | D:8      | Found a staircase to the Lair.
 12949 | D:8      | Killed Erica
 13207 | D:8      | Noticed Maggie
 13349 | D:8      | Found Vaivavo's General Store.
 13355 | D:8      | Bought 2 potions of curing for 72 gold pieces
 13438 | D:8      | Noticed Maurice
 13473 | D:9      | Noticed Psyche
 13571 | D:9      | Killed Psyche
 13788 | D:9      | Reached skill level 11 in Summonings
 14182 | D:9      | Noticed a centaur warrior
 14199 | D:9      | Killed a centaur warrior
 14379 | D:9      | Reached XP level 10. HP: 46/46 MP: 14/19
 14431 | D:9      | Found a staircase to the Orcish Mines.
 15038 | D:9      | Reached * piety under Hepliaklqana
 15294 | D:9      | Reached skill level 1 in Air Magic
 15966 | D:10     | Entered Level 10 of the Dungeon
 16621 | D:10     | Found an ancient bone altar of Kikubaaqudgha.
 16670 | D:10     | Found an iron altar of Okawaru.
 16671 | D:10     | Noticed Fannar
 16784 | D:10     | Noticed Grum
 16809 | D:10     | Killed Grum
 17392 | D:10     | Noticed a two-headed ogre
 17603 | Lair:1   | Entered Level 1 of the Lair of Beasts
 17716 | Lair:1   | Reached ** piety under Hepliaklqana
 17718 | Lair:1   | Remembered your ancestor Lizard Wizard as a hexer
 18052 | Lair:1   | Noticed a four-headed hydra
 18061 | Lair:1   | Killed a four-headed hydra
 18061 | Lair:1   | Reached skill level 12 in Summonings
 18681 | Lair:2   | Noticed a five-headed hydra
 18688 | Lair:2   | Killed a five-headed hydra
 18893 | Lair:2   | Noticed a cane toad
 18907 | Lair:2   | Killed a cane toad
 18907 | Lair:2   | Reached XP level 11. HP: 54/54 MP: 5/20
 19069 | Lair:2   | Got a twisted long sword
 19303 | Lair:2   | Reached skill level 10 in Dodging
 19595 | Lair:2   | Reached skill level 5 in Fighting
 20351 | Lair:3   | Reached *** piety under Hepliaklqana
 20372 | Lair:3   | Noticed a seven-headed hydra
 20379 | Lair:3   | Killed a seven-headed hydra
 20553 | Lair:3   | Noticed an oklob plant
 20554 | Lair:3   | Noticed an oklob plant
 20554 | Lair:3   | Noticed an oklob plant
 20554 | Lair:3   | Noticed an oklob plant
 21406 | Lair:4   | Found a staircase to the Swamp.
 21568 | Lair:4   | Noticed a five-headed hydra
 21577 | Lair:4   | Killed a five-headed hydra
 21695 | Lair:4   | HP: 1/56 [meliai/divine providence (14)]
 21696 | Lair:4   | Slain by a meliai

Illustrated notes

Levels and vault maps discovered:
D:1:      dpeg_arrival_tiny_k, layout_loops_ring
D:2:      layout_basic, nemelex_altar_shiori, uniq_sigmund
D:3:      layout_loops_corners
D:4:      layout_basic, portal_sewer_entry_e
D:5:      layout_basic, uniq_duvessa
D:6:      layout_loops_cross, lemuel_coloured_pillars_altar, temple_pool_b
D:7:      layout_cave_pools, kennysheep_mini, nicolae_ashenzari_panopticon,
          marbit_many_paths
D:8:      layout_loops_cross, dpeg_oklobed_lair, serial_shops, shop,
          kennysheep_little_box, kennysheep_mini_moat, centaur_isle, uniq_erica,
          uniq_maurice, uniq_maggie
D:9:      layout_basic, zombieorc2_lemuel, uniq_psyche
D:10:     layout_roguey, basic_altar, okawaru_trees_2, uniq_fannar, uniq_grum
Temple:   eino_narrow_crystal_temple
Lair:1:   layout_roguey
Lair:2:   layout_layer_cave, grunt_megastairs_3
Lair:3:   layout_hall_layers, minmay_lair_oklob_chamber, serial_bayou_shore_b
Lair:4:   layout_roguey [special_room_bee], skrybe_swamp_entry_bodies,
          guppyfry_snake_entry_garden, wad_woods_antlair, uniq_sonja

Skill      XL: |  1  2  3  4  5  6  7  8  9 10 11 |
---------------+----------------------------------+-----
Summonings     | 5 6 8 10 11 12 | 12.0
Dodging        | 3 4 5 7 9 11 | 11.1
Spellcasting   | 4 5 8 |  8.0
Ice Magic      | 1 2 3 5 6 |  6.0
Fighting       | 2 4 6 |  6.1
Shields        | 4 |  4.0
Air Magic      | 4 |  4.0
Polearms       | |  0.1
Stealth        | |  2.4

Action                   |  1- 3 |  4- 6 |  7- 9 | 10-12 || total
-------------------------+-------+-------+-------+-------++-------
Melee: Spear             |    67 |    62 |    18 |       ||   147
       Dagger            |       |    14 |    21 |       ||    35
       Trident           |       |       |   148 |   221 ||   369
Throw: Dart              |       |       |     2 |     1 ||     3
 Cast: Summon Small Mamm |    36 |     1 |     2 |       ||    39
       Call Imp          |    14 |    70 |   173 |    10 ||   267
       Summon Ice Beast  |       |       |    34 |   118 ||   152
       Summon Lightning  |       |       |       |    15 ||    15
Invok: Ancestor Identity |       |       |     1 |     1 ||     2
       Recall Ancestor   |       |       |     2 |       ||     2
       Ancestor Life: He |       |       |       |     1 ||     1
  Use: Scroll            |       |     8 |     7 |     6 ||    21
       Potion            |       |       |     2 |     1 ||     3
 Stab: Sleeping          |     2 |       |     3 |     1 ||     6
       Distracted        |       |     3 |     3 |     8 ||    14
       Confused          |       |       |       |     1 ||     1
Armor: Robe              |     6 |    16 |    22 |    25 ||    69
       Leather armour    |       |     8 |    57 |       ||    65
       Skin              |       |       |       |     1 ||     1
Dodge: Dodged            |    34 |    45 |   154 |   110 ||   343
Block: Buckler           |       |       |       |    16 ||    16

Table legend: (Time is in decaauts)
 A = Elapsed time spent in this place.
 B = Non-inter-level travel time spent in this place.
 C = Inter-level travel time spent in this place.
 D = Time resting spent in this place.
 E = Time spent auto-exploring this place.
 F = Levels seen in this place.
 G = Mean time per level.
                   A        B        C        D        E       F      G
               +--------+--------+--------+--------+--------+-----+--------+
         Total |  21999 |  20785 |   1214 |   6364 |   9257 |  16 | 1374.9 |
       Dungeon |  16824 |  15733 |   1091 |   5041 |   6516 |  10 | 1682.4 |
        Temple |    184 |    175 |      9 |      0 |    174 |   1 |  184.0 |
          Lair |   4127 |   4014 |    113 |   1216 |   2264 |   4 | 1031.8 |
         Sewer |    863 |    863 |      0 |    107 |    302 |   1 |  863.0 |
               +--------+--------+--------+--------+--------+-----+--------+

Top non-repeatable levels by time:
     D:9: 2992 daAuts
     D:5: 2397 daAuts
     D:4: 2116 daAuts
     D:6: 1957 daAuts
     D:3: 1771 daAuts
  Lair:2: 1422 daAuts
  Lair:3: 1373 daAuts
     D:8: 1175 daAuts
    D:10: 1172 daAuts
     D:1: 1088 daAuts
     D:2: 1081 daAuts
     D:7: 1071 daAuts
  Lair:1: 1034 daAuts
   Sewer: 863 daAuts
  Lair:4: 298 daAuts
